Map: [TLMC15] Hardwire

Players

Dream

  • Race: Terran Terran

Cure - Winner!

  • Race: Terran Terran

Event: DreamHack SC2 Masters Last Chance 2022

VOD

Have the link to the VOD?

Description

Time

  • Played on: Jan. 14, 2022, 9:32 a.m.
  • Length: 20:58

All games in this series

Show
View Real Time Build Order
Export as new Build Order

Dream Terran 

Build Orders:  

Get SALT Encoding   

  12  0:00  SCV  
  13  0:12  SCV  
  14  0:17  Supply Depot  
  14  0:24  SCV  
  15  0:38  SCV  
  15  0:39  Barracks  
  16  0:43  Refinery  
  16  0:50  SCV  
  17  0:59  Refinery  
  17  1:02  SCV  
  18  1:15  SCV  
  19  1:26  Reaper  
  19  1:27  Orbital Command  
  19  1:28  Supply Depot  
  20  1:43  Factory  
  20  1:52  SCV  
  21  1:58  Reaper  
  22  2:04  SCV  
  23  2:10  Bunker  
  23  2:17  SCV  
  24  2:27  Hellion  
  24  2:29  SCV  
  25  2:30  Marine  
  26  2:41  SCV  
  26  2:42  Command Center  
  27  2:49  Hellion  
  27  2:50  Supply Depot  
  29  2:53  Marine  
  29  2:55  SCV  
  31  3:10  Starport  
  31  3:12  SCV  
  32  3:17  Factory Tech Lab  
  32  3:21  Barracks Reactor  
  32  3:24  SCV  
  29  3:36  SCV, Cyclone  
  31  3:48  SCV  
  31  3:53  Starport Tech Lab  
  27  3:58  Marine x2  
  27  4:00  SCV  
  29  4:05  Orbital Command  
  29  4:12  Raven  
  29  4:13  SCV  
  29  4:14  Siege Tank  
  35  4:20  Marine  
  35  4:21  Marine  
  37  4:25  SCV  
  37  4:30  Orbital Command  
  38  4:37  SCV  
  39  4:38  Marine  
  39  4:39  Marine  
  41  4:46  Supply Depot, Siege Tank  
  41  4:49  SCV  
  45  4:56  SCV, Marine  
  45  4:57  Marine  
  48  5:01  SCV  
  48  5:03  Refinery  
  49  5:10  SCV  
  49  5:12  Raven  
  49  5:13  SCV  
  49  5:14  Supply Depot  
  53  5:15  Marine x2  
  55  5:22  SCV  
  55  5:24  Refinery  
  55  5:25  SCV  
  57  5:33  Siege Tank  
  57  5:34  SCV  
  61  5:36  Supply Depot, Marine  
  61  5:37  SCV  
  61  5:38  Marine  
  64  5:46  SCV  
  64  5:49  SCV  
  66  5:57  Marine x2  
  66  5:58  Supply Depot, SCV  
  66  5:59  Raven  
  66  6:01  SCV  
  72  6:07  Supply Depot  
  72  6:10  SCV, Siege Tank  
  76  6:14  SCV  
  76  6:15  Marine  
  78  6:19  Marine  
  78  6:23  SCV  
  80  6:26  SCV  
  81  6:36  SCV, Command Center  
  81  6:38  SCV  
  83  6:45  Siege Tank  
  86  6:48  SCV  
  86  6:50  Stimpack, SCV  
  88  6:58  Viking x2  
  88  6:59  Marine  
  93  7:04  Supply Depot  
  93  7:05  Supply Depot  
  93  7:08  SCV  
  93  7:13  Supply Depot  
  94  7:25  SCV, Marine  
  94  7:28  Siege Tank  
  94  7:29  SCV  
  100  7:32  Barracks x2  
  100  7:36  Viking  
  100  7:37  SCV, Viking  
  104  7:41  SCV  
  106  7:45  Engineering Bay  
  106  7:49  SCV, Engineering Bay  
  106  7:50  Orbital Command  
  107  7:52  Marine  
  107  7:55  SCV  
  109  8:01  SCV  
  110  8:07  SCV  
  110  8:08  Medivac x2  
  110  8:12  Orbital Command  
  115  8:13  Terran Infantry Weapons Level 1  
  115  8:14  SCV, Terran Infantry Armor Level 1  
  115  8:17  Marine  
  115  8:19  SCV  
  118  8:26  SCV  
  119  8:27  Siege Tank  
  119  8:31  SCV  
  119  8:33  Barracks Reactor x2  
  122  8:38  SCV  
  122  8:39  SCV  
  124  8:41  Combat Shield, Marine  
  124  8:42  Refinery  
  124  8:43  Refinery  
  124  8:44  SCV, Medivac  
  124  8:45  Medivac  
  124  8:48  Supply Depot  
  130  8:52  SCV x2  
  130  9:03  Supply Depot, SCV  
  130  9:04  SCV  
  130  9:05  Barracks  
  130  9:07  SCV  
  130  9:08  Supply Depot  
  130  9:09  Supply Depot  
  131  9:10  Barracks  
  131  9:11  Siege Tank  
  131  9:15  SCV, Marine  
  131  9:17  SCV  
  132  9:19  SCV  
  129  9:28  SCV  
  129  9:29  SCV  
  129  9:31  Marine  
  133  9:35  Armory  
  133  9:37  Viking x2  
  136  9:41  SCV x3  
  139  9:55  Supply Depot  
  139  10:00  Marine x4  
  139  10:02  Sensor Tower  
  144  10:10  Siege Tank  
  147  10:14  Barracks Reactor  
  147  10:15  Barracks Reactor  
  147  10:16  Viking x2  
  147  10:21  Factory  
  150  10:25  Barracks Reactor  
  150  10:27  Command Center  
  150  10:30  Terran Infantry Weapons Level 2, Terran Infantry Armor Level 2  
  150  10:31  Terran Vehicle Weapons Level 1  
  150  10:46  Marine x4  
  150  10:49  Siege Tank  
  157  10:50  Viking x2  
  157  10:54  Supply Depot  
  157  10:56  Supply Depot  
  160  11:11  Siege Tank  
  163  11:19  Refinery  
  163  11:21  Siege Tank  
  163  11:23  Missile Turret, Viking x2  
  170  11:28  Supply Depot  
  170  11:30  Starport, Sensor Tower  
  167  11:44  Refinery  
  167  11:45  Marine x3  
  167  11:46  Marine x3  
  167  11:47  Siege Tank  
  176  11:48  Marine x2  
  176  11:53  Refinery, SCV x3, Siege Tank  
  183  12:04  Marine x2  
  183  12:06  Marine x5  
  183  12:07  Marine x3  
  189  12:09  SCV x2  
  177  12:19  Siege Tank  
  177  12:22  Marine x2  
  173  12:23  Marine  
  173  12:24  Marine x3  
  173  12:25  Siege Tank, Viking  
  173  12:26  Marine x2  
  176  12:30  Marine  
  176  12:34  Marine  
  178  12:38  Sensor Tower, Starport Tech Lab  
  178  12:40  Viking, Marine  
  181  12:48  SCV x2  
  183  12:54  Marine x3  
  183  12:55  Marine x3  
  183  12:58  SCV  
  184  13:02  Orbital Command  
  176  13:06  SCV x2  
  176  13:10  SCV, Command Center  
  162  13:18  SCV x2  
  162  13:22  SCV  
  162  13:24  Refinery  
  162  13:26  Terran Infantry Weapons Level 3  
  163  13:28  Marine  
  163  13:29  Marine  
  163  13:30  SCV  
  163  13:33  Raven  
  168  13:37  Terran Infantry Armor Level 3  
  168  13:38  SCV x3  
  171  13:44  SCV  
  171  13:47  Refinery  
  172  13:49  Viking x2  
  172  13:50  SCV  
  172  13:51  SCV  
  172  13:52  SCV  
  179  13:56  SCV  
  180  14:05  SCV x3  
  179  14:11  SCV  
  176  14:17  SCV  
  176  14:20  Siege Tank x2  
  176  14:21  Raven  
  176  14:22  Viking x2  
  188  14:27  Command Center  
  188  14:31  Terran Vehicle Weapons Level 2  
  188  14:32  Armory  
  188  14:35  Starport  
  188  14:37  Missile Turret  
  188  14:43  Orbital Command  
  188  14:47  Missile Turret, Refinery x2  
  188  14:52  Siege Tank x2  
  194  14:55  Marine x6  
  194  14:56  Marine x3  
  194  14:57  Marine  
  127  15:13  Viking, Marine x6  
  127  15:14  Viking, Marine x3, Orbital Command  
  133  15:15  Marine  
  133  15:17  Viking  
  138  15:24  Siege Tank  
  141  15:29  Siege Tank  
  141  15:31  Marine  
  141  15:35  Marine x6  
  151  15:37  Starport Reactor, Terran Vehicle And Ship Armor Level 1  
  151  15:38  Starport Tech Lab  
  151  15:40  Orbital Command  
  149  15:49  Orbital Command  
  149  15:52  Raven, Viking x2  
  149  15:56  Siege Tank  
  158  16:02  Siege Tank  
  158  16:03  Sensor Tower  
  161  16:07  Raven  
  163  16:19  Starport  
  163  16:22  Viking  
  165  16:28  Siege Tank  
  161  16:33  Viking  
  161  16:35  Raven  
  165  16:41  Marine x2  
  165  16:42  Marine  
  149  16:47  Marine x2  
  149  16:48  Marine x2  
  149  16:53  Siege Tank  
  136  16:54  Raven  
  136  16:55  Viking, Marine  
  136  16:56  Marine x2  
  136  16:59  Marine x2  
  136  17:00  Marine  
  146  17:05  Marine x3  
  146  17:08  Marine  
  140  17:17  Viking x2  
  140  17:19  Orbital Command  
  140  17:20  Orbital Command  
  136  17:24  Siege Tank  
  136  17:25  Marine x2  
  136  17:26  Marine  
  142  17:32  Marine  
  142  17:33  Marine x6  
  142  17:35  Raven  
  142  17:36  Viking  
  153  17:50  Refinery  
  151  17:51  Medivac  
  153  17:54  Marine x6  
  153  17:55  Marine  
  153  17:56  Marine x3  
  157  18:12  Marine x5  
  159  18:14  Siege Tank  
  162  18:23  Orbital Command  
  132  18:42  Raven x2  
  136  18:53  Refinery  
  136  18:54  Refinery, Marine x9  
  145  18:58  Missile Turret  
  145  19:00  Marine  
  146  19:04  Orbital Command  
  146  19:12  Marine x3  
  146  19:13  Viking  
  151  19:25  Raven  
  151  19:26  Refinery  
  151  19:27  Refinery, Sensor Tower  
  151  19:29  Marine x2  
  151  19:30  Marine  
  151  19:31  Marine x2  
  154  19:32  Viking  
  154  19:33  Viking  
  158  19:46  Marine x5  
  158  19:47  Marine x2  
  158  19:59  Viking x2  
  158  20:02  Viking x2  
  158  20:03  Marine  
  158  20:04  Marine x4  
  158  20:06  Marine  
  151  20:07  Marine  
  139  20:16  Viking  
  141  20:23  Marine  
  141  20:24  Marine x5  
  141  20:26  Marine  
  141  20:28  Marine  
  131  20:30  Marine  
Show
View Real Time Build Order
Export as new Build Order

Cure Terran - Winner!

Build Orders:  

Get SALT Encoding   

  12  0:00  SCV  
  13  0:13  Supply Depot  
  13  0:18  SCV  
  14  0:37  Barracks  
  14  0:40  Refinery  
  14  0:53  Barracks  
  14  0:57  SCV  
  15  1:09  SCV  
  16  1:24  Reaper, Orbital Command  
  17  1:31  Refinery  
  17  1:42  Reaper  
  18  1:50  SCV  
  19  1:59  Reaper  
  19  2:00  Supply Depot  
  20  2:02  SCV  
  21  2:14  SCV, Reaper  
  23  2:27  SCV  
  24  2:31  Reaper  
  24  2:36  Factory  
  24  2:39  SCV  
  25  2:46  Reaper  
  27  2:51  SCV  
  27  2:56  Supply Depot  
  27  3:04  SCV  
  27  3:16  SCV  
  27  3:28  SCV, Factory Tech Lab  
  27  3:34  Command Center  
  27  3:40  Starport, SCV  
  27  3:57  Cyclone  
  27  3:59  SCV  
  32  4:11  SCV  
  32  4:18  Starport Tech Lab  
  32  4:21  Command Center  
  32  4:23  SCV  
  33  4:26  Refinery  
  33  4:31  Cyclone  
  33  4:38  SCV, Raven  
  39  4:47  Orbital Command  
  39  4:50  Mag-Field Accelerator  
  39  4:52  SCV  
  40  4:59  Barracks Reactor  
  39  5:04  SCV  
  40  5:07  Refinery, Cyclone  
  40  5:13  SCV  
  44  5:16  SCV  
  45  5:21  Supply Depot  
  45  5:25  SCV  
  46  5:28  SCV  
  46  5:31  Raven  
  50  5:36  Orbital Command  
  50  5:37  SCV, Marine x2  
  50  5:40  SCV  
  53  5:44  Cyclone  
  53  5:49  SCV  
  57  5:53  SCV  
  57  5:54  Marine  
  57  5:55  Marine  
  60  6:02  SCV  
  61  6:05  SCV x2, Barracks x2  
  61  6:09  Orbital Command  
  63  6:14  SCV  
  63  6:17  SCV  
  65  6:25  Siege Tank, Viking x2  
  72  6:26  Marine  
  72  6:29  SCV x2  
  75  6:33  Supply Depot  
  75  6:35  Supply Depot  
  75  6:36  SCV  
  76  6:41  SCV  
  77  6:49  Supply Depot  
  77  6:54  Barracks Reactor x2  
  77  6:55  SCV x2, Marine  
  77  6:56  Viking x2  
  77  7:00  Siege Tank  
  87  7:02  SCV  
  87  7:07  SCV x2  
  90  7:11  Stimpack  
  90  7:12  Marine  
  90  7:14  Engineering Bay  
  91  7:15  Engineering Bay  
  91  7:17  SCV  
  91  7:19  SCV x2  
  94  7:29  Supply Depot, SCV  
  95  7:30  Marine  
  95  7:31  Supply Depot, SCV, Refinery  
  95  7:36  Marine x4  
  101  7:46  Terran Infantry Weapons Level 1, Terran Infantry Armor Level 1  
  101  7:51  SCV x3, Viking, Marine  
  105  7:54  Viking  
  105  7:56  Siege Tank  
  112  8:01  Supply Depot x2  
  112  8:06  Marine x4  
  112  8:08  SCV  
  117  8:22  Marine  
  117  8:23  SCV x2, Viking  
  117  8:24  Supply Depot  
  117  8:26  Supply Depot, Viking  
  124  8:31  Marine x4  
  128  8:37  Siege Tank  
  128  8:38  SCV x2  
  133  8:45  Marine  
  133  8:46  SCV  
  134  8:49  Marine x4  
  134  8:51  Combat Shield  
  138  8:56  Armory  
  138  8:58  Supply Depot, Barracks  
  138  8:59  Barracks  
  138  9:03  Marine  
  138  9:05  SCV  
  138  9:06  SCV x2  
  142  9:14  Marine x4  
  143  9:19  Medivac, Siege Tank  
  143  9:20  Medivac  
  143  9:21  Marine  
  149  9:30  Supply Depot  
  140  9:32  Refinery, Marine x4  
  140  9:34  Sensor Tower  
  140  9:35  SCV x3  
  147  9:39  Marine  
  148  9:47  Barracks Reactor x2  
  148  9:49  Missile Turret  
  148  9:50  Marine  
  148  9:51  Terran Infantry Weapons Level 2, Terran Infantry Armor Level 2  
  149  9:53  Marine x3  
  149  9:57  Marine  
  149  9:58  Siege Tank  
  156  10:06  Viking x2  
  160  10:08  Marine  
  161  10:16  Command Center  
  161  10:20  Marine x3  
  165  10:24  Terran Vehicle Weapons Level 1  
  165  10:25  Factory, Marine  
  165  10:28  Barracks Reactor  
  165  10:35  Supply Depot x2  
  165  10:38  Supply Depot  
  165  10:40  Marine  
  165  10:41  Marine  
  165  10:42  Supply Depot  
  165  10:50  Marine  
  165  10:55  Marine  
  165  10:57  Medivac x2, Siege Tank, Marine x4  
  165  10:58  Marine  
  165  10:59  Marine  
  165  11:02  SCV x3  
  181  11:08  Siege Tank, Marine x3  
  181  11:09  Sensor Tower  
  187  11:12  Marine  
  187  11:14  Marine x2  
  187  11:15  Marine x2  
  187  11:16  Marine  
  187  11:18  SCV x3  
  196  11:21  Refinery  
  196  11:24  Refinery  
  196  11:25  Marine  
  197  11:27  Marine x3  
  197  11:32  Marine  
  200  11:55  Starport  
  200  11:56  Starport  
  191  12:12  Marine x6  
  184  12:23  Siege Tank x2  
  184  12:24  Marine x2  
  184  12:25  Marine x2  
  184  12:26  Viking  
  184  12:27  Viking  
  184  12:29  Terran Infantry Weapons Level 3, Terran Infantry Armor Level 3  
  196  12:30  Planetary Fortress, Marine x4  
  196  12:32  Command Center  
  196  12:33  SCV x3  
  197  12:46  Marine x6  
  197  12:51  Terran Vehicle Weapons Level 2, Starport Tech Lab x2  
  195  12:53  Armory  
  195  12:56  Command Center, Viking  
  195  12:57  Viking  
  172  13:01  Marine x4  
  172  13:04  Marine x5  
  172  13:05  Marine  
  165  13:09  Siege Tank x2  
  161  13:16  Viking  
  161  13:19  Marine x4  
  158  13:22  Marine x4  
  158  13:25  Raven  
  158  13:26  Corvid Reactor  
  164  13:27  Marine x2  
  166  13:36  Medivac  
  166  13:37  Viking, Marine x2  
  172  13:43  Siege Tank x2  
  172  13:47  Marine x4  
  172  13:48  Raven, Marine x2  
  186  13:57  Marine x4  
  190  14:06  Viking  
  190  14:07  Viking  
  190  14:08  Raven  
  190  14:09  Marine x4  
  197  14:15  Planetary Fortress  
  197  14:16  Orbital Command  
  196  14:27  Siege Tank  
  199  14:34  Command Center  
  199  14:36  Medivac  
  199  14:41  Terran Vehicle And Ship Armor Level 1  
  198  14:51  Siege Tank, Viking  
  199  14:56  Marine x4  
  199  14:57  Marine x4  
  199  14:59  Marine x2  
  161  15:04  Siege Tank  
  161  15:05  Raven  
  147  15:14  Marine x4  
  147  15:15  Marine x4  
  147  15:16  Marine x2  
  147  15:17  Refinery  
  147  15:18  Refinery  
  147  15:20  Raven  
  157  15:23  Siege Tank  
  160  15:31  Viking x2  
  160  15:32  Marine x4  
  160  15:33  Marine x2  
  170  15:42  Marine x4  
  174  15:46  Siege Tank  
  174  15:47  Raven, Orbital Command  
  178  15:50  Marine x3  
  178  15:55  Siege Tank  
  184  16:01  Marine x6  
  184  16:03  Raven  
  192  16:09  Viking x2  
  196  16:11  Terran Ship Weapons Level 1  
  195  16:30  Marine x6  
  200  16:39  Viking  
  200  16:44  Marine x4  
  200  16:46  Siege Tank x2, Raven  
  194  16:48  Marine x6  
  194  16:53  Raven  
  169  16:54  Viking  
  168  17:02  Marine x4  
  168  17:05  Marine x2  
  168  17:06  Marine x4  
  163  17:09  Viking  
  165  17:18  Siege Tank x2  
  165  17:19  Marine x3  
  165  17:20  Marine  
  175  17:23  Marine x4  
  175  17:24  Viking, Orbital Command  
  175  17:27  Marine x2  
  175  17:29  Raven  
  185  17:36  Raven  
  187  17:37  Marine x4  
  187  17:39  Viking  
  187  17:41  Marine x3  
  196  17:47  Marine x3  
  199  17:55  Marine  
  200  18:02  Marine x2  
  196  18:09  Marine x2  
  196  18:10  Marine x2  
  196  18:12  Raven  
  181  18:14  Viking  
  181  18:19  Raven  
  182  18:23  Marine x6  
  188  18:27  Siege Tank x2  
  188  18:29  Marine x4  
  182  18:40  Marine x2  
  182  18:41  Marine x4  
  173  18:47  Marine x4  
  173  18:48  SCV x4, Refinery  
  170  18:49  SCV  
  170  18:50  Refinery  
  170  18:53  Command Center  
  170  18:54  Raven  
  175  18:58  Command Center, Marine x4  
  175  18:59  Siege Tank x2, Marine x2  
  175  19:00  Medivac x2  
  175  19:02  Raven  
  193  19:07  Marine x4  
  195  19:31  Siege Tank  
  195  19:34  Siege Tank  
  192  19:49  Marine x4  
  192  19:53  Marine x6  
  192  19:59  Raven x2, Viking  
  200  20:05  Siege Tank  
  200  20:06  Siege Tank  
  197  20:07  Marine x3  
  197  20:11  Marine x4  
  197  20:14  Marine x3  
  193  20:15  Viking  
  193  20:25  Marine x3  
  194  20:29  Marine x4  
  194  20:32  Orbital Command  
  194  20:34  Command Center  

Tags
 
Add a new tag
Caveats
  • Supply blocks, unpowered buildings, or Contaminate may cause inaccurate times.
  • Supply counts are checked every 10 seconds.